Maple Leafs vs Avalanche

Created - 1 février 2021 at 13:38

Goals
1 2 3 T
Maple Leafs 0 2 0 2
Avalanche 1 1 1 3
Shots
1 2 3 T
Maple Leafs 12 17 11 40
Avalanche 9 8 17 34

1st period

1. Avalanche , Josh Leivo 9 (Keith Yandle 12, Vladislav Namestnikov 11) at 4:44 (PP)

Penalties :
Hampus Lindholm (TOR) for High sticking (Minor) at 4:04

2nd period

2. Maple Leafs , Ilya Kovalchuk 10 (Mikhail Sergachev 8) at 4:05
3. Avalanche , Conor Sheary 5 (Zack Smith 3, Cody Eakin 6) at 10:18
4. Maple Leafs , Mike Hoffman 19 (Andrei Svechnikov 16, Logan Couture 18) at 11:12

Penalties :
Mikhail Sergachev (TOR) for Slashing (Minor) at 7:44

3rd period

5. Avalanche , Josh Leivo 10 (Radek Faksa 12, Vladislav Namestnikov 12) at 13:46

Penalties :
Dmitry Kulikov (TOR) for Holding (Minor) at 3:49, Nino Niederreiter (COL) for Hooking (Minor) at 7:21

Goalie Stats

Petr Mrazek (TOR), 31 saves from 34 shots - (0,912), L, 9-9-6, 59:38 minutes
Joonas Korpisalo (COL), 38 saves from 40 shots - (0,950), W, 4-10-2, 60:00 minutes

Players Stats for Maple Leafs

Player Name              G  A  P  +/- PIM S  H  SB GA TA FO     MP     PP MP  PK MP  
------------------------------------------------------------------------------------
Alex Iafallo             0  0  0   0  0   2  1  0  1  0  0/0    16:10   0:55   0:00 
Andrei Svechnikov        0  1  1   0  0   5  0  2  0  0  0/0    21:09   1:04   1:42 
Ben Hutton               0  0  0   0  0   1  0  2  0  0  0/0    17:56   0:48   1:21 
Blake Comeau             0  0  0  -1  0   4  1  0  0  1  0/0     8:25   0:00   0:00 
Brandon Tanev            0  0  0   0  0   2  1  0  1  0  0/0    16:07   0:52   0:00 
Derek Ryan               0  0  0   1  0   2  1  0  1  0  6/9    11:18   0:00   0:00 
Dmitry Kulikov           0  0  0   0  2   1  4  0  0  0  0/0    17:18   0:48   0:32 
Hampus Lindholm          0  0  0   0  2   0  2  2  0  1  0/0    27:30   1:11   2:27 
Ilya Kovalchuk           1  0  1   1  0   1  1  0  0  0  0/0    11:43   0:25   0:00 
Jake Debrusk             0  0  0   0  0   1  0  0  0  0  2/7    10:52   0:45   0:00 
Jesper Bratt             0  0  0  -1  0   1  0  0  0  0  0/0     8:58   0:12   0:18 
Joe Pavelski             0  0  0   0  0   3  0  0  0  0  3/4     5:18   0:00   0:09 
Logan Couture            0  1  1   0  0   3  2  2  0  2  23/33  21:53   0:52   2:39 
Mattias Janmark          0  0  0  -1  0   1  1  0  0  0  4/5     8:55   0:00   0:30 
Mike Hoffman             1  0  1   0  0   7  2  0  3  0  0/2    21:56   0:52   2:42 
Mikhail Sergachev        0  1  1   0  2   4  1  1  0  0  0/0    22:12   1:11   1:50 
Nikolaj Ehlers           0  0  0   1  0   1  0  0  2  0  0/1    12:36   0:00   1:16 
Oscar Fantenberg         0  0  0   0  0   1  0  0  0  0  0/0    16:04   0:00   2:39 
Travis Dermott           0  0  0   0  0   0  0  0  0  0  0/0     6:07   0:00   0:27 
Troy Stecher             0  0  0   0  0   0  0  1  0  0  0/0    12:52   0:00   0:00 

Players Stats for Avalanche

Player Name              G  A  P  +/- PIM S  H  SB GA TA FO     MP     PP MP  PK MP  
------------------------------------------------------------------------------------
Andrew Copp              0  0  0   0  0   3  1  0  1  0  1/1    22:01   2:36   0:17 
Brian Dumoulin           0  0  0   0  0   1  1  1  0  0  0/0    16:30   0:45   0:00 
Cody Eakin               0  1  1  -1  0   0  0  1  0  0  0/1    13:03   0:00   0:35 
Conor Sheary             1  0  1   1  0   2  0  0  1  0  0/0     9:08   0:00   0:00 
Dan Hamhuis              0  0  0   0  0   0  3  0  0  0  0/0    13:41   0:00   1:03 
Daniel Sprong            0  0  0  -1  0   1  2  1  0  0  0/0    12:58   0:00   0:35 
Ivan Barbashev           0  0  0  -1  0   0  1  1  0  0  2/8    12:24   0:00   0:00 
Jack Johnson             0  0  0   0  0   0  2  1  0  3  0/0    28:17   3:18   0:56 
John Klingberg           0  0  0   0  0   1  0  1  0  3  0/0    11:56   0:35   0:00 
Josh Bailey              0  0  0   0  0   3  2  1  1  2  13/34  23:35   2:36   1:07 
Josh Leivo               2  0  2   0  0   6  2  2  0  0  0/0    16:14   2:02   0:00 
Keith Yandle             0  1  1   0  0   6  1  0  1  0  0/0    28:17   3:18   0:56 
Marcus Pettersson        0  0  0   0  0   0  3  1  0  0  0/0    18:33   1:20   1:03 
Nino Niederreiter        0  0  0   0  2   3  2  0  0  0  1/3    21:43   2:36   0:00 
Radek Faksa              0  1  1   0  0   4  0  0  0  0  6/14   17:21   2:02   1:07 
Vladislav Namestnikov    0  2  2   0  0   3  1  0  0  0  0/0    16:33   2:02   0:17 
Warren Foegele           0  0  0   1  0   1  1  0  0  0  0/0     7:53   0:00   0:00 
Zack Smith               0  1  1   1  0   0  0  0  0  0  0/0     7:53   0:00   0:00 

3 Stars

1 - Josh Leivo (COL)
2 - Joonas Korpisalo (COL)
3 - Conor Sheary (COL)

Power Play

Maple Leafs - 0 on 1 Attempt(s) - 0,00%
Avalanche - 1 on 3 Attempt(s) - 33,33%

Penalty Kill

Maple Leafs - 2 on 3 Attempt(s) - 66,67% - Score 0 goal in Penalty Kill
Avalanche - 1 on 1 Attempt(s) - 100,00% - Score 0 goal in Penalty Kill

Team Stat

Maple Leafs - Hits : 17 - Faceoff Wins : 38 - Blocked Shots : 10 - Penalty Minutes : 6
Avalanche - Hits : 22 - Faceoff Wins : 23 - Blocked Shots : 10 - Penalty Minutes : 2

Official

Referees : TJ Luxmore and Brad Meier
Linesman : Jesse Marquis and Tyson Baker

Game Notes

Joe Pavelski is injured at 1:47 of 2nd period (Right Knee)
John Klingberg is injured at 16:50 of 2nd period (Left Leg)

Finance

Level 1 -- Attendance: 4741 (79,02%) -- Ticket Income 474 100 $
Level 2 -- Attendance: 4330 (86,60%) -- Ticket Income 259 800 $
Level 3 -- Attendance: 1704 (85,20%) -- Ticket Income 59 640 $
Level 4 -- Attendance: 2524 (63,10%) -- Ticket Income 63 100 $
Luxury Box -- Attendance: 785 (78,50%) -- Ticket Income 157 000 $
Game was played at the Pepsi Center.
Total Attendance: 14084 (78,24%)
Total Ticket Income: 1 013 640 $
Other Income: 496 684 $
Total Income: 1 510 324 $

Maple Leafs

5 vs 5 Forward 
   Center                   Left Wing                Right Wing               Time % Phy DF OF 
 1 Logan Couture            Andrei Svechnikov        Mike Hoffman             40     1   2  2  
 2 Joe Pavelski             Alex Iafallo             Brandon Tanev            30     1   2  2  
 3 Derek Ryan               Ilya Kovalchuk           Nikolaj Ehlers           20     1   2  2  
 4 Mattias Janmark          Blake Comeau             Jesper Bratt             10     1   2  2  

5 vs 5 Defense 
   Defense                  Defense                                           Time % Phy DF OF 
 1 Hampus Lindholm          Mikhail Sergachev                                 40     1   2  2  
 2 Ben Hutton               Dmitry Kulikov                                    30     1   2  2  
 3 Troy Stecher             Oscar Fantenberg                                  20     1   2  2  
 4 Travis Dermott           Hampus Lindholm                                   10     1   2  2  

PowerPlay Forward 
   Center                   Left Wing                Right Wing               Time % Phy DF OF 
 1 Logan Couture            Andrei Svechnikov        Mike Hoffman             60     1   2  2  
 2 Joe Pavelski             Alex Iafallo             Brandon Tanev            40     1   2  2  

PowerPlay Defense
   Defense                  Defense                                           Time % Phy DF OF 
 1 Hampus Lindholm          Mikhail Sergachev                                 60     1   2  2  
 2 Ben Hutton               Dmitry Kulikov                                    40     1   2  2  

Penalty Kill 4 Players Forward 
   Center                   Wing                     Time % Phy DF OF 
 1 Logan Couture            Mike Hoffman             60     1   2  2  
 2 Andrei Svechnikov        Joe Pavelski             40     1   2  2  

Penalty Kill 4 Players Defense
   Defense                  Defense                  Time % Phy DF OF 
 1 Hampus Lindholm          Mikhail Sergachev        60     1   2  2  
 2 Ben Hutton               Dmitry Kulikov           40     1   2  2  

Penalty Kill - 3 Players Forward 
   Forward                                           Time % Phy DF OF 
 1 Logan Couture                                     60     1   2  2  
 2 Mike Hoffman                                      40     1   2  2  

Penalty Kill - 3 Players Defense
   Defense                  Defense                  Time % Phy DF OF 
 1 Hampus Lindholm          Mikhail Sergachev        60     1   2  2  
 2 Ben Hutton               Dmitry Kulikov           40     1   2  2  

4 vs 4 Forward 
   Center                   Wing                     Time % Phy DF OF 
 1 Logan Couture            Mike Hoffman             60     1   2  2  
 2 Andrei Svechnikov        Joe Pavelski             40     1   2  2  

4 vs 4 Defense
   Defense                  Defense                  Time % Phy DF OF 
 1 Hampus Lindholm          Mikhail Sergachev        60     1   2  2  
 2 Ben Hutton               Dmitry Kulikov           40     1   2  2  

Last Minutes Offensive
   Center                   Left Wing                Right Wing               Defense                  Defense                  
   Logan Couture            Andrei Svechnikov        Mike Hoffman             Hampus Lindholm          Mikhail Sergachev        

Last Minutes Defensive
   Center                   Left Wing                Right Wing               Defense                  Defense                  
   Logan Couture            Andrei Svechnikov        Mike Hoffman             Hampus Lindholm          Mikhail Sergachev        

Goaltenders
Starting : Petr Mrazek              
Backup : Anders Nilsson           

Extra Forwards
Normal : Jake Debrusk, Ilya Kovalchuk, Nikolaj Ehlers - PP : Jake Debrusk, Ilya Kovalchuk - PK : Nikolaj Ehlers
Extra Defensemen
Normal : Troy Stecher, Oscar Fantenberg, Travis Dermott - PP : Troy Stecher - PK : Oscar Fantenberg, Travis Dermott
Penalty Shots
Logan Couture, Mike Hoffman, Andrei Svechnikov, Joe Pavelski, Alex Iafallo
Custom OT Lines Forwards
Logan Couture, Mike Hoffman, Andrei Svechnikov, Joe Pavelski, Alex Iafallo, Brandon Tanev, Ilya Kovalchuk, Nikolaj Ehlers, Blake Comeau, Jake Debrusk
Custom OT Lines Defensemen
Hampus Lindholm, Mikhail Sergachev, Ben Hutton, Dmitry Kulikov, Troy Stecher

Scratches
Kaapo Kakko (Healthy)

Avalanche

5 vs 5 Forward 
   Center                   Left Wing                Right Wing               Time % Phy DF OF 
 1 Josh Bailey              Andrew Copp              Nino Niederreiter        40     1   2  2  
 2 Radek Faksa              Vladislav Namestnikov    Josh Leivo               30     1   2  2  
 3 Ivan Barbashev           Cody Eakin               Daniel Sprong            20     1   2  2  
 4 Conor Sheary             Zack Smith               Warren Foegele           10     1   2  2  

5 vs 5 Defense 
   Defense                  Defense                                           Time % Phy DF OF 
 1 Jack Johnson             Keith Yandle                                      40     1   2  2  
 2 Marcus Pettersson        John Klingberg                                    30     1   2  2  
 3 Brian Dumoulin           Dan Hamhuis                                       20     1   2  2  
 4 Jack Johnson             Keith Yandle                                      10     1   2  2  

PowerPlay Forward 
   Center                   Left Wing                Right Wing               Time % Phy DF OF 
 1 Josh Bailey              Andrew Copp              Nino Niederreiter        60     1   2  2  
 2 Radek Faksa              Vladislav Namestnikov    Josh Leivo               40     1   2  2  

PowerPlay Defense
   Defense                  Defense                                           Time % Phy DF OF 
 1 Jack Johnson             Keith Yandle                                      60     1   2  2  
 2 Marcus Pettersson        John Klingberg                                    40     1   2  2  

Penalty Kill 4 Players Forward 
   Center                   Wing                     Time % Phy DF OF 
 1 Josh Bailey              Radek Faksa              60     1   2  2  
 2 Andrew Copp              Vladislav Namestnikov    40     1   2  2  

Penalty Kill 4 Players Defense
   Defense                  Defense                  Time % Phy DF OF 
 1 Jack Johnson             Keith Yandle             60     1   2  2  
 2 Marcus Pettersson        John Klingberg           40     1   2  2  

Penalty Kill - 3 Players Forward 
   Forward                                           Time % Phy DF OF 
 1 Josh Bailey                                       60     1   2  2  
 2 Radek Faksa                                       40     1   2  2  

Penalty Kill - 3 Players Defense
   Defense                  Defense                  Time % Phy DF OF 
 1 Jack Johnson             Keith Yandle             60     1   2  2  
 2 Marcus Pettersson        John Klingberg           40     1   2  2  

4 vs 4 Forward 
   Center                   Wing                     Time % Phy DF OF 
 1 Josh Bailey              Radek Faksa              60     1   2  2  
 2 Andrew Copp              Vladislav Namestnikov    40     1   2  2  

4 vs 4 Defense
   Defense                  Defense                  Time % Phy DF OF 
 1 Jack Johnson             Keith Yandle             60     1   2  2  
 2 Marcus Pettersson        John Klingberg           40     1   2  2  

Last Minutes Offensive
   Center                   Left Wing                Right Wing               Defense                  Defense                  
   Josh Bailey              Andrew Copp              Nino Niederreiter        Jack Johnson             Keith Yandle             

Last Minutes Defensive
   Center                   Left Wing                Right Wing               Defense                  Defense                  
   Josh Bailey              Andrew Copp              Nino Niederreiter        Jack Johnson             Keith Yandle             

Goaltenders
Starting : Joonas Korpisalo         
Backup : Michael Hutchinson       

Extra Forwards
Normal : Ivan Barbashev, Cody Eakin, Daniel Sprong - PP : Ivan Barbashev, Cody Eakin - PK : Daniel Sprong
Extra Defensemen
Normal : Brian Dumoulin, Dan Hamhuis, Marcus Pettersson - PP : Brian Dumoulin - PK : Dan Hamhuis, Marcus Pettersson
Penalty Shots
Josh Bailey, Radek Faksa, Andrew Copp, Vladislav Namestnikov, Ivan Barbashev
Custom OT Lines Forwards
Josh Bailey, Radek Faksa, Andrew Copp, Vladislav Namestnikov, Ivan Barbashev, Nino Niederreiter, Josh Leivo, Cody Eakin, Daniel Sprong, Conor Sheary
Custom OT Lines Defensemen
Jack Johnson, Keith Yandle, Marcus Pettersson, John Klingberg, Brian Dumoulin

Scratches
Samuel Blais (Healthy), Matt Roy (Healthy), Cameron Gaunce (Healthy)

% Time on Ice - Maple Leafs

Lines # - Real PCT - Wanted PCT - Time Play
Normal Forward
1 - 34% - 40% - 17:57
2 - 29% - 30% - 15:16
3 - 21% - 20% - 11:18
4 - 16% - 10% - 8:25
Normal Defense
1 - 36% - 40% - 18:56
2 - 30% - 30% - 15:47
3 - 24% - 20% - 12:52
4 - 10% - 10% - 5:21
PP Forward
1 - 44% - 60% - 0:52
2 - 56% - 40% - 1:07
PP Defense
1 - 60% - 60% - 1:11
2 - 40% - 40% - 0:48
PK Forward
1 - 81% - 60% - 3:45
2 - 19% - 40% - 0:53
PK Defense
1 - 71% - 60% - 3:17
2 - 29% - 40% - 1:21
PK3 Forward
1 - 0% - 60%
2 - 0% - 40%
PK3 Defense
1 - 0% - 60%
2 - 0% - 40%
44 Forward
1 - 0% - 60%
2 - 0% - 40%
44 Defense
1 - 0% - 60%
2 - 0% - 40%
Last Minute Offensive  - 0:27
Last Minute Defensive  - 0:00
Total
Forward - 60:00
Defense - 60:00

% Time on Ice - Avalanche

Lines # - Real PCT - Wanted PCT - Time Play
Normal Forward
1 - 34% - 40% - 17:58
2 - 27% - 30% - 14:14
3 - 23% - 20% - 12:10
4 - 15% - 10% - 7:53
Normal Defense
1 - 39% - 40% - 20:18
2 - 35% - 30% - 18:26
3 - 21% - 20% - 10:56
4 - 5% - 10% - 2:35
PP Forward
1 - 56% - 60% - 2:36
2 - 44% - 40% - 2:02
PP Defense
1 - 71% - 60% - 3:18
2 - 29% - 40% - 1:20
PK Forward
1 - 86% - 60% - 1:42
2 - 14% - 40% - 0:17
PK Defense
1 - 47% - 60% - 0:56
2 - 53% - 40% - 1:03
PK3 Forward
1 - 0% - 60%
2 - 0% - 40%
PK3 Defense
1 - 0% - 60%
2 - 0% - 40%
44 Forward
1 - 0% - 60%
2 - 0% - 40%
44 Defense
1 - 0% - 60%
2 - 0% - 40%
Last Minute Offensive  - 0:00
Last Minute Defensive  - 1:08
Total
Forward - 60:00
Defense - 60:00

Play-by-Play

1st period


0:01 of 1st period - Logan Couture wins face-off versus Josh Bailey in neutral zone.
0:26 of 1st period - Andrew Copp is hit by Mikhail Sergachev.
1:25 of 1st period - Snap shot by Josh Leivo.
1:25 of 1st period - Stopped by Petr Mrazek without a rebound.
1:26 of 1st period - Logan Couture wins face-off versus Cody Eakin in Maple Leafs zone.
2:46 of 1st period - Andrei Svechnikov is hit by Ivan Barbashev and loses puck.
2:53 of 1st period - Slapshot by Travis Dermott.
2:53 of 1st period - Shot Misses the Net.
2:55 of 1st period - Slapshot by Ben Hutton.
2:55 of 1st period - Deflect By Keith Yandle.
2:55 of 1st period - Stopped by Joonas Korpisalo without a rebound.
2:56 of 1st period - Logan Couture wins face-off versus Josh Bailey in Avalanche zone.
3:11 of 1st period - Snap shot by Nino Niederreiter.
3:11 of 1st period - Shot Misses the Net.
3:29 of 1st period - Snap shot by Josh Leivo.
3:29 of 1st period - Shot Misses the Net.
3:31 of 1st period - Backhand shot by Radek Faksa.
3:31 of 1st period - Shot Misses the Net.
3:42 of 1st period - Off-side.
3:43 of 1st period - Ivan Barbashev wins face-off versus Mattias Janmark in neutral zone.
4:04 of 1st period - Minor Penalty to Hampus Lindholm for High sticking.
4:05 of 1st period - Logan Couture wins face-off versus Josh Bailey in Maple Leafs zone.
4:05 of 1st period - Logan Couture is hit by Andrew Copp.
4:12 of 1st period - Icing by Jack Johnson.
4:13 of 1st period - Logan Couture wins face-off versus Josh Bailey in Avalanche zone.
4:14 of 1st period - Snap shot by Mike Hoffman.
4:14 of 1st period - Shot Misses the Net.
4:44 of 1st period - Snap shot by Josh Leivo.
4:44 of 1st period - Goal by Josh Leivo - Maple Leafs : 0 - Avalanche : 1.
4:45 of 1st period - Nino Niederreiter wins face-off versus Logan Couture in neutral zone.
4:48 of 1st period - Logan Couture is hit by Keith Yandle and loses puck.
5:10 of 1st period - Derek Ryan is hit by Vladislav Namestnikov and loses puck.
5:15 of 1st period - Wrist shot by Josh Leivo.
5:15 of 1st period - Stopped by Petr Mrazek without a rebound.
5:16 of 1st period - Radek Faksa wins face-off versus Logan Couture in Maple Leafs zone.
5:21 of 1st period - Wrist shot by Radek Faksa.
5:21 of 1st period - Shot Misses the Net.
5:43 of 1st period - Troy Stecher is hit by Josh Bailey and loses puck.
6:24 of 1st period - Slapshot by Andrei Svechnikov.
6:24 of 1st period - Stopped by Joonas Korpisalo with a rebound.
6:40 of 1st period - Zack Smith is hit by Logan Couture and loses puck.
7:43 of 1st period - Snap shot by Radek Faksa.
7:43 of 1st period - Stopped by Petr Mrazek with a rebound.
9:02 of 1st period - Zack Smith is hit by Derek Ryan and loses puck.
9:27 of 1st period - Oscar Fantenberg is hit by Marcus Pettersson and loses puck.
10:01 of 1st period - Wrist shot by Mattias Janmark.
10:01 of 1st period - Shot Misses the Net.
10:07 of 1st period - Wrist shot by Blake Comeau.
10:07 of 1st period - Shot Misses the Net.
10:19 of 1st period - Snap shot by Josh Leivo.
10:19 of 1st period - Stopped by Petr Mrazek without a rebound.
10:20 of 1st period - Derek Ryan wins face-off versus Radek Faksa in Maple Leafs zone.
10:53 of 1st period - Snap shot by Andrei Svechnikov.
10:53 of 1st period - Shot Misses the Net.
10:55 of 1st period - Slapshot by Dmitry Kulikov.
10:55 of 1st period - Stopped by Joonas Korpisalo with a rebound.
10:57 of 1st period - Snap shot by Logan Couture.
10:57 of 1st period - Stopped by Joonas Korpisalo with a rebound.
11:07 of 1st period - Joe Pavelski is hit by Jack Johnson and loses puck.
11:14 of 1st period - Jack Johnson is hit by Dmitry Kulikov and loses puck.
12:05 of 1st period - Wrist shot by Jesper Bratt.
12:05 of 1st period - Shot Misses the Net.
12:32 of 1st period - Wrist shot by Alex Iafallo.
12:32 of 1st period - Shot Blocked by Brian Dumoulin.
13:13 of 1st period - Wrist shot by Nino Niederreiter.
13:13 of 1st period - Shot Misses the Net.
13:41 of 1st period - Hampus Lindholm is hit by Warren Foegele and loses puck.
14:42 of 1st period - Ivan Barbashev is hit by Dmitry Kulikov and loses puck.
14:55 of 1st period - Dan Hamhuis is hit by Alex Iafallo and loses puck.
15:04 of 1st period - Slapshot by Joe Pavelski.
15:04 of 1st period - Stopped by Joonas Korpisalo with a rebound.
15:16 of 1st period - Snap shot by Mike Hoffman.
15:16 of 1st period - Shot Misses the Net.
15:18 of 1st period - Backhand shot by Andrei Svechnikov.
15:18 of 1st period - Stopped by Joonas Korpisalo without a rebound.
15:19 of 1st period - Logan Couture wins face-off versus Nino Niederreiter in Avalanche zone.
15:26 of 1st period - Snap shot by Mike Hoffman.
15:26 of 1st period - Stopped by Joonas Korpisalo with a rebound.
16:10 of 1st period - Snap shot by Andrew Copp.
16:10 of 1st period - Deflect By Nino Niederreiter.
16:10 of 1st period - Stopped by Petr Mrazek with a rebound.
16:16 of 1st period - Snap shot by Josh Bailey.
16:16 of 1st period - Stopped by Petr Mrazek without a rebound.
16:17 of 1st period - Radek Faksa wins face-off versus Logan Couture in Maple Leafs zone.
16:22 of 1st period - Snap shot by Radek Faksa.
16:22 of 1st period - Stopped by Petr Mrazek without a rebound.
16:23 of 1st period - Radek Faksa wins face-off versus Logan Couture in Maple Leafs zone.
16:28 of 1st period - Wrist shot by Vladislav Namestnikov.
16:28 of 1st period - Stopped by Petr Mrazek with a rebound.
16:42 of 1st period - Vladislav Namestnikov is hit by Logan Couture and loses puck.
16:47 of 1st period - Wrist shot by Mike Hoffman.
16:47 of 1st period - Shot Misses the Net.
16:53 of 1st period - Snap shot by Andrei Svechnikov.
16:53 of 1st period - Shot Blocked by Jack Johnson.
16:57 of 1st period - Snap shot by Mike Hoffman.
16:57 of 1st period - Shot Blocked by Josh Leivo.
16:59 of 1st period - Wrist shot by Andrei Svechnikov.
16:59 of 1st period - Stopped by Joonas Korpisalo with a rebound.
17:01 of 1st period - Snap shot by Logan Couture.
17:01 of 1st period - Shot Misses the Net.
17:19 of 1st period - Snap shot by Mike Hoffman.
17:19 of 1st period - Stopped by Joonas Korpisalo with a rebound.
17:21 of 1st period - Snap shot by Logan Couture.
17:21 of 1st period - Stopped by Joonas Korpisalo without a rebound.
17:22 of 1st period - Joe Pavelski wins face-off versus Josh Bailey in Avalanche zone.
17:52 of 1st period - Snap shot by Jesper Bratt.
17:52 of 1st period - Shot Blocked by Marcus Pettersson.
17:54 of 1st period - Slapshot by Blake Comeau.
17:54 of 1st period - Shot Misses the Net.
17:56 of 1st period - Snap shot by Blake Comeau.
17:56 of 1st period - Shot Blocked by Cody Eakin.
17:58 of 1st period - Wrist shot by Blake Comeau.
17:58 of 1st period - Stopped by Joonas Korpisalo without a rebound.
17:59 of 1st period - Ivan Barbashev wins face-off versus Derek Ryan in Avalanche zone.
18:30 of 1st period - Slapshot by Alex Iafallo.
18:30 of 1st period - Shot Misses the Net.
18:32 of 1st period - Snap shot by Joe Pavelski.
18:32 of 1st period - Stopped by Joonas Korpisalo with a rebound.
19:34 of 1st period - Off-side.
19:35 of 1st period - Josh Bailey wins face-off versus Mike Hoffman in neutral zone.
Goals for this period are 0 for Maple Leafs vs 1 for Avalanche.
Shots for this period are 12 for Maple Leafs vs 9 for Avalanche.

2nd period


0:01 of 2nd period - Josh Bailey wins face-off versus Mike Hoffman in neutral zone.
0:07 of 2nd period - Off-side.
0:08 of 2nd period - Logan Couture wins face-off versus Josh Bailey in neutral zone.
0:35 of 2nd period - Wrist shot by Ivan Barbashev.
0:35 of 2nd period - Shot Misses the Net.
0:43 of 2nd period - Slapshot by Logan Couture.
0:43 of 2nd period - Shot Blocked by Daniel Sprong.
0:45 of 2nd period - Snap shot by Mike Hoffman.
0:45 of 2nd period - Stopped by Joonas Korpisalo with a rebound.
0:47 of 2nd period - Slapshot by Hampus Lindholm.
0:47 of 2nd period - Shot Misses the Net.
0:51 of 2nd period - Wrist shot by Andrei Svechnikov.
0:51 of 2nd period - Deflect By Ivan Barbashev.
0:51 of 2nd period - Stopped by Joonas Korpisalo with a rebound.
0:59 of 2nd period - Snap shot by Mike Hoffman.
0:59 of 2nd period - Shot Misses the Net.
1:03 of 2nd period - Wrist shot by Andrei Svechnikov.
1:03 of 2nd period - Shot Blocked by Ivan Barbashev.
1:05 of 2nd period - Slapshot by Mikhail Sergachev.
1:05 of 2nd period - Stopped by Joonas Korpisalo with a rebound.
1:07 of 2nd period - Slapshot by Mikhail Sergachev.
1:07 of 2nd period - Stopped by Joonas Korpisalo with a rebound.
1:09 of 2nd period - Slapshot by Mikhail Sergachev.
1:09 of 2nd period - Stopped by Joonas Korpisalo with a rebound.
1:11 of 2nd period - Wrist shot by Logan Couture.
1:11 of 2nd period - Stopped by Joonas Korpisalo with a rebound.
1:19 of 2nd period - Snap shot by Andrei Svechnikov.
1:19 of 2nd period - Deflect By Daniel Sprong.
1:19 of 2nd period - Shot Misses the Net.
1:19 of 2nd period - Puck is out of play.
1:20 of 2nd period - Joe Pavelski wins face-off versus Josh Bailey in Avalanche zone.
1:27 of 2nd period - Wrist shot by Brandon Tanev.
1:27 of 2nd period - Shot Misses the Net.
1:29 of 2nd period - Wrist shot by Brandon Tanev.
1:29 of 2nd period - Shot Misses the Net.
1:31 of 2nd period - Wrist shot by Joe Pavelski.
1:31 of 2nd period - Shot Misses the Net.
1:33 of 2nd period - Wrist shot by Brandon Tanev.
1:33 of 2nd period - Deflect By Joe Pavelski.
1:33 of 2nd period - Stopped by Joonas Korpisalo without a rebound.
1:34 of 2nd period - Radek Faksa wins face-off versus Joe Pavelski in Avalanche zone.
1:45 of 2nd period - Wrist shot by Josh Leivo.
1:45 of 2nd period - Stopped by Petr Mrazek without a rebound.
1:46 of 2nd period - Joe Pavelski wins face-off versus Josh Bailey in Maple Leafs zone.
1:46 of 2nd period - Joe Pavelski is hit by Nino Niederreiter.
1:47 of 2nd period - Joe Pavelski from Maple Leafs is injured at 1:47 of 2nd period (Right Knee).
1:48 of 2nd period - Josh Bailey wins face-off versus Jake Debrusk in Maple Leafs zone.
2:27 of 2nd period - Slapshot by Jake Debrusk.
2:27 of 2nd period - Shot Blocked by John Klingberg.
3:34 of 2nd period - Wrist shot by Ilya Kovalchuk.
3:34 of 2nd period - Deflect By Derek Ryan.
3:34 of 2nd period - Shot Misses the Net.
3:34 of 2nd period - Puck is out of play.
3:35 of 2nd period - Logan Couture wins face-off versus Josh Bailey in Avalanche zone.
4:00 of 2nd period - Brian Dumoulin is hit by Ilya Kovalchuk and loses puck.
4:05 of 2nd period - Slapshot by Ilya Kovalchuk.
4:05 of 2nd period - Goal by Ilya Kovalchuk - Maple Leafs : 1 - Avalanche : 1.
4:06 of 2nd period - Josh Bailey wins face-off versus Logan Couture in neutral zone.
4:39 of 2nd period - Snap shot by Radek Faksa.
4:39 of 2nd period - Shot Blocked by Hampus Lindholm.
4:41 of 2nd period - Wrist shot by Vladislav Namestnikov.
4:41 of 2nd period - Shot Misses the Net.
4:43 of 2nd period - Slapshot by Vladislav Namestnikov.
4:43 of 2nd period - Deflect By Brandon Tanev.
4:43 of 2nd period - Stopped by Petr Mrazek with a rebound.
5:05 of 2nd period - Snap shot by Brandon Tanev.
5:05 of 2nd period - Shot Misses the Net.
5:19 of 2nd period - Icing by Daniel Sprong.
5:20 of 2nd period - Logan Couture wins face-off versus Ivan Barbashev in Avalanche zone.
6:05 of 2nd period - Dmitry Kulikov is hit by Marcus Pettersson and loses puck.
6:34 of 2nd period - Slapshot by John Klingberg.
6:34 of 2nd period - Stopped by Petr Mrazek with a rebound.
6:36 of 2nd period - Slapshot by Warren Foegele.
6:36 of 2nd period - Shot Misses the Net.
6:50 of 2nd period - Wrist shot by Mike Hoffman.
6:50 of 2nd period - Shot Misses the Net.
6:52 of 2nd period - Wrist shot by Alex Iafallo.
6:52 of 2nd period - Shot Misses the Net.
6:54 of 2nd period - Snap shot by Brandon Tanev.
6:54 of 2nd period - Deflect By Alex Iafallo.
6:54 of 2nd period - Stopped by Joonas Korpisalo without a rebound.
6:55 of 2nd period - Jake Debrusk wins face-off versus Josh Bailey in Avalanche zone.
6:56 of 2nd period - Wrist shot by Alex Iafallo.
6:56 of 2nd period - Shot Misses the Net.
6:58 of 2nd period - Wrist shot by Brandon Tanev.
6:58 of 2nd period - Shot Misses the Net.
7:00 of 2nd period - Wrist shot by Jake Debrusk.
7:00 of 2nd period - Shot Blocked by Josh Bailey.
7:02 of 2nd period - Slapshot by Brandon Tanev.
7:02 of 2nd period - Stopped by Joonas Korpisalo without a rebound.
7:03 of 2nd period - Josh Bailey wins face-off versus Jake Debrusk in Avalanche zone.
7:44 of 2nd period - Minor Penalty to Mikhail Sergachev for Slashing.
7:45 of 2nd period - Logan Couture wins face-off versus Josh Bailey in Maple Leafs zone.
7:56 of 2nd period - Wrist shot by Nino Niederreiter.
7:56 of 2nd period - Shot Misses the Net.
7:58 of 2nd period - Snap shot by Andrew Copp.
7:58 of 2nd period - Shot Misses the Net.
8:00 of 2nd period - Snap shot by Andrew Copp.
8:00 of 2nd period - Stopped by Petr Mrazek without a rebound.
8:01 of 2nd period - Logan Couture wins face-off versus Josh Bailey in Maple Leafs zone.
8:59 of 2nd period - Backhand shot by Andrei Svechnikov.
8:59 of 2nd period - Stopped by Joonas Korpisalo with a rebound.
9:44 of 2nd period - Penalty to Mikhail Sergachev is over, Mikhail Sergachev is back on ice.
9:51 of 2nd period - Snap shot by Alex Iafallo.
9:51 of 2nd period - Stopped by Joonas Korpisalo with a rebound.
10:18 of 2nd period - Slapshot by Conor Sheary.
10:18 of 2nd period - Goal by Conor Sheary - Maple Leafs : 1 - Avalanche : 2.
10:19 of 2nd period - Josh Bailey wins face-off versus Logan Couture in neutral zone.
10:59 of 2nd period - Off-side.
11:00 of 2nd period - Derek Ryan wins face-off versus Ivan Barbashev in neutral zone.
11:04 of 2nd period - Snap shot by Nikolaj Ehlers.
11:04 of 2nd period - Stopped by Joonas Korpisalo with a rebound.
11:06 of 2nd period - Slapshot by Derek Ryan.
11:06 of 2nd period - Shot Misses the Net.
11:08 of 2nd period - Snap shot by Derek Ryan.
11:08 of 2nd period - Stopped by Joonas Korpisalo without a rebound.
11:09 of 2nd period - Logan Couture wins face-off versus Ivan Barbashev in Avalanche zone.
11:12 of 2nd period - Snap shot by Mike Hoffman.
11:12 of 2nd period - Goal by Mike Hoffman - Maple Leafs : 2 - Avalanche : 2.
11:13 of 2nd period - Logan Couture wins face-off versus Josh Bailey in neutral zone.
11:15 of 2nd period - Off-side.
11:16 of 2nd period - Logan Couture wins face-off versus Josh Bailey in neutral zone.
11:25 of 2nd period - Snap shot by Mike Hoffman.
11:25 of 2nd period - Stopped by Joonas Korpisalo without a rebound.
11:26 of 2nd period - Logan Couture wins face-off versus Josh Bailey in Avalanche zone.
11:40 of 2nd period - Off-side.
11:41 of 2nd period - Radek Faksa wins face-off versus Jake Debrusk in neutral zone.
12:21 of 2nd period - Nino Niederreiter is hit by Dmitry Kulikov and loses puck.
13:30 of 2nd period - Wrist shot by Conor Sheary.
13:30 of 2nd period - Stopped by Petr Mrazek without a rebound.
13:31 of 2nd period - Derek Ryan wins face-off versus Josh Bailey in Maple Leafs zone.
13:56 of 2nd period - Dan Hamhuis is hit by Mike Hoffman and loses puck.
14:21 of 2nd period - Cody Eakin is hit by Brandon Tanev and loses puck.
15:32 of 2nd period - Snap shot by Vladislav Namestnikov.
15:32 of 2nd period - Shot Misses the Net.
15:34 of 2nd period - Slapshot by Josh Leivo.
15:34 of 2nd period - Shot Misses the Net.
15:36 of 2nd period - Slapshot by Brian Dumoulin.
15:36 of 2nd period - Shot Blocked by Ben Hutton.
16:23 of 2nd period - Snap shot by Keith Yandle.
16:23 of 2nd period - Stopped by Petr Mrazek without a rebound.
16:24 of 2nd period - Josh Bailey wins face-off versus Logan Couture in Maple Leafs zone.
16:27 of 2nd period - Snap shot by Nino Niederreiter.
16:27 of 2nd period - Shot Blocked by Andrei Svechnikov.
16:49 of 2nd period - John Klingberg is hit by Hampus Lindholm and loses puck.
16:50 of 2nd period - John Klingberg from Avalanche is injured at 16:50 of 2nd period (Left Leg).
16:51 of 2nd period - Logan Couture wins face-off versus Josh Bailey in Avalanche zone.
17:03 of 2nd period - Andrew Copp is hit by Mike Hoffman and loses puck.
17:16 of 2nd period - Mikhail Sergachev is hit by Josh Leivo and loses puck.
18:01 of 2nd period - Wrist shot by Nino Niederreiter.
18:01 of 2nd period - Shot Blocked by Ben Hutton.
18:03 of 2nd period - Snap shot by Andrew Copp.
18:03 of 2nd period - Stopped by Petr Mrazek with a rebound.
18:35 of 2nd period - Daniel Sprong is hit by Blake Comeau and loses puck.
18:46 of 2nd period - Alex Iafallo is hit by Brian Dumoulin.
18:56 of 2nd period - Slapshot by Brandon Tanev.
18:56 of 2nd period - Stopped by Joonas Korpisalo with a rebound.
19:53 of 2nd period - Jack Johnson is hit by Hampus Lindholm and loses puck.
Goals for this period are 2 for Maple Leafs vs 1 for Avalanche.
Shots for this period are 17 for Maple Leafs vs 8 for Avalanche.

3rd period


0:01 of 3rd period - Logan Couture wins face-off versus Nino Niederreiter in neutral zone.
0:11 of 3rd period - Snap shot by Mike Hoffman.
0:11 of 3rd period - Shot Misses the Net.
0:13 of 3rd period - Slapshot by Mikhail Sergachev.
0:13 of 3rd period - Stopped by Joonas Korpisalo without a rebound.
0:14 of 3rd period - Logan Couture wins face-off versus Radek Faksa in Avalanche zone.
0:43 of 3rd period - Off-side.
0:44 of 3rd period - Andrew Copp wins face-off versus Jake Debrusk in neutral zone.
2:05 of 3rd period - Wrist shot by Mike Hoffman.
2:05 of 3rd period - Stopped by Joonas Korpisalo with a rebound.
2:19 of 3rd period - Snap shot by Mike Hoffman.
2:19 of 3rd period - Stopped by Joonas Korpisalo with a rebound.
2:47 of 3rd period - Ilya Kovalchuk is hit by Dan Hamhuis and loses puck.
3:00 of 3rd period - Icing by Josh Leivo.
3:01 of 3rd period - Mattias Janmark wins face-off versus Radek Faksa in Avalanche zone.
3:16 of 3rd period - Wrist shot by Jesper Bratt.
3:16 of 3rd period - Shot Blocked by Josh Leivo.
3:34 of 3rd period - Slapshot by Keith Yandle.
3:34 of 3rd period - Stopped by Petr Mrazek without a rebound.
3:35 of 3rd period - Josh Bailey wins face-off versus Jake Debrusk in Maple Leafs zone.
3:36 of 3rd period - Slapshot by Nino Niederreiter.
3:36 of 3rd period - Shot Misses the Net.
3:38 of 3rd period - Wrist shot by Brian Dumoulin.
3:38 of 3rd period - Shot Misses the Net.
3:40 of 3rd period - Wrist shot by Josh Bailey.
3:40 of 3rd period - Stopped by Petr Mrazek with a rebound.
3:49 of 3rd period - Minor Penalty to Dmitry Kulikov for Holding.
3:50 of 3rd period - Logan Couture wins face-off versus Josh Bailey in Maple Leafs zone.
3:50 of 3rd period - Logan Couture is hit by Josh Bailey.
5:45 of 3rd period - Icing by Vladislav Namestnikov.
5:46 of 3rd period - Mattias Janmark wins face-off versus Radek Faksa in Avalanche zone.
5:49 of 3rd period - Penalty to Dmitry Kulikov is over, Dmitry Kulikov is back on ice.
6:25 of 3rd period - Snap shot by Warren Foegele.
6:25 of 3rd period - Stopped by Petr Mrazek with a rebound.
6:39 of 3rd period - Slapshot by Nino Niederreiter.
6:39 of 3rd period - Stopped by Petr Mrazek with a rebound.
6:42 of 3rd period - Icing by Hampus Lindholm.
6:43 of 3rd period - Mattias Janmark wins face-off versus Radek Faksa in Maple Leafs zone.
7:00 of 3rd period - Snap shot by Jesper Bratt.
7:00 of 3rd period - Deflect By Mattias Janmark.
7:00 of 3rd period - Shot Misses the Net.
7:00 of 3rd period - Puck is out of play.
7:01 of 3rd period - Logan Couture wins face-off versus Josh Bailey in Avalanche zone.
7:10 of 3rd period - Snap shot by Andrew Copp.
7:10 of 3rd period - Stopped by Petr Mrazek without a rebound.
7:11 of 3rd period - Josh Bailey wins face-off versus Logan Couture in Maple Leafs zone.
7:21 of 3rd period - Minor Penalty to Nino Niederreiter for Hooking.
7:22 of 3rd period - Logan Couture wins face-off versus Josh Bailey in Avalanche zone.
8:43 of 3rd period - Ben Hutton is hit by Marcus Pettersson and loses puck.
9:21 of 3rd period - Penalty to Nino Niederreiter is over, Nino Niederreiter is back on ice.
9:43 of 3rd period - Keith Yandle is hit by Mattias Janmark and loses puck.
10:31 of 3rd period - Conor Sheary is hit by Dmitry Kulikov and loses puck.
10:48 of 3rd period - Alex Iafallo is hit by Nino Niederreiter and loses puck.
11:08 of 3rd period - Oscar Fantenberg is hit by Daniel Sprong and loses puck.
11:25 of 3rd period - Logan Couture is hit by Dan Hamhuis and loses puck.
11:38 of 3rd period - Snap shot by Vladislav Namestnikov.
11:38 of 3rd period - Stopped by Petr Mrazek with a rebound.
11:40 of 3rd period - Slapshot by Josh Leivo.
11:40 of 3rd period - Deflect By Radek Faksa.
11:40 of 3rd period - Stopped by Petr Mrazek without a rebound.
11:41 of 3rd period - Mattias Janmark wins face-off versus Radek Faksa in Maple Leafs zone.
11:46 of 3rd period - Snap shot by Josh Leivo.
11:46 of 3rd period - Deflect By Vladislav Namestnikov.
11:46 of 3rd period - Shot Misses the Net.
11:46 of 3rd period - Puck is out of play.
11:47 of 3rd period - Jake Debrusk wins face-off versus Radek Faksa in Maple Leafs zone.
12:57 of 3rd period - Brandon Tanev is hit by Josh Leivo and loses puck.
13:20 of 3rd period - Slapshot by Mattias Janmark.
13:20 of 3rd period - Shot Misses the Net.
13:22 of 3rd period - Slapshot by Mattias Janmark.
13:22 of 3rd period - Stopped by Joonas Korpisalo with a rebound.
13:24 of 3rd period - Backhand shot by Blake Comeau.
13:24 of 3rd period - Stopped by Joonas Korpisalo without a rebound.
13:25 of 3rd period - Radek Faksa wins face-off versus Logan Couture in Avalanche zone.
13:30 of 3rd period - Slapshot by Dan Hamhuis.
13:30 of 3rd period - Deflect By Vladislav Namestnikov.
13:30 of 3rd period - Shot Blocked by Andrei Svechnikov.
13:30 of 3rd period - Puck is out of play.
13:31 of 3rd period - Logan Couture wins face-off versus Radek Faksa in Maple Leafs zone.
13:38 of 3rd period - Wrist shot by Vladislav Namestnikov.
13:38 of 3rd period - Shot Blocked by Logan Couture.
13:40 of 3rd period - Slapshot by Radek Faksa.
13:40 of 3rd period - Stopped by Petr Mrazek with a rebound.
13:42 of 3rd period - Snap shot by Josh Leivo.
13:42 of 3rd period - Shot Blocked by Logan Couture.
13:44 of 3rd period - Slapshot by Josh Leivo.
13:44 of 3rd period - Shot Blocked by Troy Stecher.
13:46 of 3rd period - Wrist shot by Josh Leivo.
13:46 of 3rd period - Goal by Josh Leivo - Maple Leafs : 2 - Avalanche : 3.
13:47 of 3rd period - Josh Bailey wins face-off versus Logan Couture in neutral zone.
14:12 of 3rd period - Hampus Lindholm is hit by Jack Johnson and loses puck.
15:16 of 3rd period - Icing by Derek Ryan.
15:17 of 3rd period - Derek Ryan wins face-off versus Ivan Barbashev in Maple Leafs zone.
15:48 of 3rd period - Snap shot by Jake Debrusk.
15:48 of 3rd period - Stopped by Joonas Korpisalo with a rebound.
15:50 of 3rd period - Wrist shot by Oscar Fantenberg.
15:50 of 3rd period - Stopped by Joonas Korpisalo without a rebound.
15:51 of 3rd period - Derek Ryan wins face-off versus Ivan Barbashev in Avalanche zone.
15:56 of 3rd period - Snap shot by Derek Ryan.
15:56 of 3rd period - Stopped by Joonas Korpisalo without a rebound.
15:57 of 3rd period - Derek Ryan wins face-off versus Ivan Barbashev in Avalanche zone.
16:09 of 3rd period - Off-side.
16:10 of 3rd period - Josh Bailey wins face-off versus Derek Ryan in neutral zone.
16:19 of 3rd period - Slapshot by Keith Yandle.
16:19 of 3rd period - Stopped by Petr Mrazek without a rebound.
16:20 of 3rd period - Josh Bailey wins face-off versus Nikolaj Ehlers in Maple Leafs zone.
16:21 of 3rd period - Slapshot by Keith Yandle.
16:21 of 3rd period - Deflect By Mikhail Sergachev.
16:21 of 3rd period - Stopped by Petr Mrazek without a rebound.
16:22 of 3rd period - Josh Bailey wins face-off versus Derek Ryan in Maple Leafs zone.
16:25 of 3rd period - Backhand shot by Keith Yandle.
16:25 of 3rd period - Stopped by Petr Mrazek with a rebound.
16:27 of 3rd period - Slapshot by Jack Johnson.
16:27 of 3rd period - Shot Misses the Net.
16:29 of 3rd period - Snap shot by Nino Niederreiter.
16:29 of 3rd period - Stopped by Petr Mrazek with a rebound.
16:31 of 3rd period - Slapshot by Jack Johnson.
16:31 of 3rd period - Shot Blocked by Mikhail Sergachev.
16:33 of 3rd period - Snap shot by Keith Yandle.
16:33 of 3rd period - Stopped by Petr Mrazek with a rebound.
16:35 of 3rd period - Snap shot by Andrew Copp.
16:35 of 3rd period - Shot Misses the Net.
17:13 of 3rd period - Dmitry Kulikov is hit by Daniel Sprong and loses puck.
17:24 of 3rd period - Slapshot by Keith Yandle.
17:24 of 3rd period - Shot Misses the Net.
17:40 of 3rd period - Snap shot by Jesper Bratt.
17:40 of 3rd period - Stopped by Joonas Korpisalo with a rebound.
17:42 of 3rd period - Slapshot by Blake Comeau.
17:42 of 3rd period - Stopped by Joonas Korpisalo with a rebound.
17:44 of 3rd period - Slapshot by Blake Comeau.
17:44 of 3rd period - Stopped by Joonas Korpisalo with a rebound.
17:54 of 3rd period - Ilya Kovalchuk is hit by Dan Hamhuis and loses puck.
18:42 of 3rd period - Snap shot by Daniel Sprong.
18:42 of 3rd period - Stopped by Petr Mrazek with a rebound.
18:44 of 3rd period - Slapshot by Brian Dumoulin.
18:44 of 3rd period - Stopped by Petr Mrazek with a rebound.
18:46 of 3rd period - Wrist shot by Cody Eakin.
18:46 of 3rd period - Shot Misses the Net.
18:48 of 3rd period - Snap shot by Ivan Barbashev.
18:48 of 3rd period - Shot Blocked by Hampus Lindholm.
19:32 of 3rd period - Slapshot by Josh Bailey.
19:32 of 3rd period - Stopped by Petr Mrazek without a rebound.
19:33 of 3rd period - Andrew Brunette call a timeout for Maple Leafs.
19:33 of 3rd period - Logan Couture wins face-off versus Josh Bailey in Maple Leafs zone.
19:38 of 3rd period - Maple Leafs, Petr Mrazek is pulled from the net.
19:59 of 3rd period - Snap shot by Mikhail Sergachev.
19:59 of 3rd period - Deflect By Mike Hoffman.
19:59 of 3rd period - Shot Misses the Net.
19:59 of 3rd period - Puck is out of play.
Goals for this period are 0 for Maple Leafs vs 1 for Avalanche.
Shots for this period are 11 for Maple Leafs vs 17 for Avalanche. Output by the SimonT Hockey Simulator (STHS) for Eric Tremblay - Original Page W3C HTML5 Valid
Hockey Simulator - Hockey Simulation - Hockey Manager